[Event "Titled Tuesday Blitz May 23 Early 2023"]
[White "Afanasieva, Alexandra"]
[Black "Sanhueza, Cristian"]
[WhiteFideId "34126926"]
[BlackFideId "116815"]
[WhiteElo "1745"]
[BlackElo "2174"]
[Result "1-0"]
[Round "03"]
[TimeControl "180+2"]
[Date "2023.05.23"]
[WhiteClock "0:00:20"]
[BlackClock "0:00:00"]

1. e4 e5 2. Nf3 Nc6 3. d4 exd4 4. Nxd4 Nf6 5. Nc3 Bb4 6. Nxc6 bxc6 7. Bd3 d5 8. e5 Ng4 9. Bf4 O-O 10. O-O f6 11. exf6 Qxf6 12. Bg3 Bc5 13. Qd2 Rb8 14. h3 Ne5 15. Na4 Bd6 16. Rae1 Rb4 17. Bxe5 Qd8 18. Bxd6 Qxd6 19. b3 Rbf4 20. g3 Rxa4 21. bxa4 Bxh3 22. Qg5 Bxf1 23. Rxf1 Qe6 24. Qh4 h6 25. Qd4 a5 26. Qc5 Qd6 27. Qd4 c5 28. Qg4 c4 29. Bf5 1-0


[Site "https://www.chess.com"]

[Event "Titled Tuesday Blitz May 23 Early 2023"]
[White "ChawitAp"]
[Black "Pasti, Aron"]
[BlackFideId "785857"]
[WhiteElo "2251"]
[BlackElo "2173"]
[Result "1-0"]
[Round "03"]
[TimeControl "180+2"]
[Date "2023.05.23"]
[WhiteClock "0:01:13"]
[BlackClock "0:01:14"]

1. d4 d5 2. Nf3 Nf6 3. c3 Bf5 4. Bf4 c5 5. dxc5 e6 6. b4 a5 7. Nbd2 axb4 8. cxb4 Nc6 9. Qb3 Be7 10. e3 O-O 11. Nd4 Bg6 12. Nxc6 bxc6 13. Be2 Re8 14. O-O Rb8 15. Bxb8 Qxb8 16. Nf3 Bd8 17. a3 Bc7 18. Bd3 Ne4 19. h3 Bh5 20. Bxe4 dxe4 21. Nd4 Rc8 22. a4 f5 23. Qxe6+ Kh8 24. Nxc6 Qb7 25. b5 Bg6 26. Ne7 Rf8 27. Nxg6+ hxg6 28. b6 Bd8 29. a5 Rf6 30. Qe8+ Kh7 31. Qxd8 f4 32. a6 Qc6 33. a7 1-0


[Site "https://www.chess.com"]

[Event "Titled Tuesday Blitz May 23 Early 2023"]
[White "Zavortink, Matt"]
[Black "Clawitter, Craig"]
[WhiteFideId "2034263"]
[BlackFideId "2023105"]
[WhiteElo "2458"]
[BlackElo "2248"]
[Result "1-0"]
[Round "03"]
[TimeControl "180+2"]
[Date "2023.05.23"]
[WhiteClock "0:01:53"]
[BlackClock "0:00:00"]

1. Nf3 Nf6 2. g3 d5 3. Bg2 e6 4. O-O Be7 5. a4 O-O 6. d3 a5 7. b3 c5 8. Na3 Nc6 9. Bb2 d4 10. e4 e5 11. Nd2 Ne8 12. Ndc4 f6 13. Nb5 Be6 14. Qe2 Nd6 15. f4 Nxc4 16. bxc4 1-0


[Site "https://www.chess.com"]

[Event "Titled Tuesday Blitz May 23 Early 2023"]
[White "Simonovic, Miroslav"]
[Black "Rios Escobar, Adan"]
[WhiteFideId "919152"]
[BlackFideId "3403645"]
[WhiteElo "2042"]
[BlackElo "2455"]
[Result "1/2-1/2"]
[Round "03"]
[TimeControl "180+2"]
[Date "2023.05.23"]
[WhiteClock "0:00:37"]
[BlackClock "0:00:02"]

1. d4 Nf6 2. Bg5 e6 3. e4 c5 4. Bxf6 Qxf6 5. c3 Nc6 6. Nf3 Qd8 7. d5 Ne7 8. d6 Ng6 9. e5 f6 10. Bd3 c4 11. Bxg6+ hxg6 12. Qc2 Kf7 13. Nbd2 b5 14. a4 Qb6 15. axb5 Qxb5 16. Qe4 Bb7 17. Qxc4 Qxc4 18. Nxc4 Bxf3 19. gxf3 g5 20. O-O a6 21. Ra5 Rh4 22. b3 Rf4 23. Kg2 g4 24. fxg4 Rxg4+ 25. Kf3 Rh4 26. Rfa1 Rxh2 27. Rxa6 Rxa6 28. Rxa6 Rh3+ 29. Ke2 Rxc3 30. Rb6 Kg6 31. Rb7 Kf5 32. Rxd7 Rxb3 33. Rd8 Rc3 34. Ne3+ Kxe5 35. Rxf8 Kxd6 36. Rg8 g5 37. Rg6 Ke5 38. Rh6 Ra3 39. Ng4+ Kf5 40. Nxf6 e5 41. Nd5 Rb3 42. Ne3+ Ke4 43. Rg6 Rb2+ 44. Ke1 Kf3 45. Rxg5 Re2+ 46. Kd1 Rxf2 47. Rxe5 Rg2 48. Nc4 Rg1+ 49. Kc2 Rg8 50. Nd2+ Kf4 51. Re7 Rc8+ 52. Kd3 Rd8+ 53. Ke2 Rd6 54. Nc4 Rd4 55. Ne3 Ra4 56. Rf7+ Ke5 57. Re7+ Kf4 58. Rh7 Ra2+ 59. Kd3 Ra3+ 60. Kd4 Ra4+ 61. Nc4 Ra8 62. Rf7+ Kg5 63. Ke4 Ra4 64. Kd5 Ra8 65. Ne5 Rd8+ 66. Ke4 Ra8 67. Rg7+ Kh5 68. Kf5 Rf8+ 69. Nf7 Kh4 70. Kf4 Kh3 71. Kf3 Kh2 72. Kf4 Kh3 73. Kf5 Kh2 74. Kf6 Rb8 75. Rg5 Ra8 76. Kf5 Ra5+ 77. Ne5 Rb5 78. Kf4 Rb4+ 79. Kf3 Rb3+ 80. Kf4 Rb4+ 81. Kf5 Rb5 82. Rg7 Kh3 83. Kf4 Rb4+ 84. Ke3 Rb3+ 85. Nd3 Ra3 86. Rg6 Kh4 87. Rg8 Kh5 88. Ke4 Ra4+ 89. Kf5 Ra1 90. Ne5 Rf1+ 91. Ke6 Re1 92. Rh8+ Kg5 93. Rg8+ Kf4 94. Rf8+ Ke4 95. Kd6 Rd1+ 96. Ke6 Re1 97. Rh8 1/2-1/2


[Site "https://www.chess.com"]

[Event "Titled Tuesday Blitz May 23 Early 2023"]
[White "Bilan, Danila"]
[Black "Thiel, Thomas"]
[WhiteFideId "24161918"]
[BlackFideId "4615964"]
[WhiteElo "2182"]
[BlackElo "2239"]
[Result "1-0"]
[Round "03"]
[TimeControl "180+2"]
[Date "2023.05.23"]
[WhiteClock "0:00:06"]
[BlackClock "0:00:00"]

1. d4 Nf6 2. Nf3 g6 3. Bg5 Bg7 4. c3 O-O 5. Nbd2 d5 6. e3 c5 7. Bd3 cxd4 8. cxd4 Nc6 9. O-O h6 10. Bh4 Qb6 11. Qb3 Qxb3 12. Nxb3 b6 13. Rac1 Bb7 14. Bb5 Rac8 15. Ne5 Na5 16. Nxa5 bxa5 17. Bxf6 exf6 18. Nd7 Rfd8 19. Nc5 Ba8 20. Rc2 f5 21. Rfc1 f4 22. Nb3 Rxc2 23. Rxc2 fxe3 24. fxe3 f5 25. g3 Rb8 26. Bd7 a4 27. Bxa4 g5 28. Kf2 Rf8 29. Bd7 f4 30. Rc8 fxg3+ 31. Kxg3 Rxc8 32. Bxc8 Kf7 33. Nc5 h5 34. Bd7 Kg6 35. b4 Bf6 36. b5 Kh6 37. a4 Bd8 38. Bc6 1-0


[Site "https://www.chess.com"]

[Event "Titled Tuesday Blitz May 23 Early 2023"]
[White "Nithyalakshmi, Sivanesan"]
[Black "Heinemann, Josefine"]
[WhiteFideId "5706955"]
[BlackFideId "12900460"]
[WhiteElo "1815"]
[BlackElo "2342"]
[Result "1/2-1/2"]
[Round "03"]
[TimeControl "180+2"]
[Date "2023.05.23"]
[WhiteClock "0:00:23"]
[BlackClock "0:00:26"]

1. e4 c5 2. Nc3 Nc6 3. Bb5 Nd4 4. Nf3 Nxb5 5. Nxb5 d5 6. exd5 a6 7. Nc3 Nf6 8. d4 c4 9. Qe2 b5 10. O-O Nxd5 11. Nxd5 Qxd5 12. h3 Bb7 13. c3 e6 14. Qe5 Qxe5 15. Nxe5 Be7 16. a4 O-O 17. Bf4 Rfd8 18. Rfe1 f6 19. Ng4 Kf7 20. Re2 h5 21. Nh2 Bc6 22. a5 Bd5 23. Nf1 g5 24. Bc7 Rd7 25. Bb6 f5 26. Ne3 Bc6 27. Rae1 f4 28. Nf1 Bd5 29. Nd2 g4 30. hxg4 hxg4 31. Ne4 Rh8 32. Bc5 Bd8 33. Nd6+ Rxd6 34. Bxd6 f3 35. Re5 fxg2 36. Rxd5 Rh1+ 37. Kxg2 Rxe1 38. Re5 Rxe5 39. Bxe5 Bxa5 40. Kg3 b4 41. cxb4 Bxb4 42. Kxg4 c3 43. bxc3 Bxc3 44. Kf3 a5 45. Ke4 a4 46. Bd6 Bb2 47. d5 e5 48. f4 exf4 49. Kxf4 a3 50. Bxa3 Bxa3 51. Ke5 Ke7 52. d6+ Bxd6+ 1/2-1/2


[Site "https://www.chess.com"]

[Event "Titled Tuesday Blitz May 23 Early 2023"]
[White "Martin, Lewis"]
[Black "Mrudul Dehankar"]
[WhiteFideId "410551"]
[BlackFideId "25096990"]
[WhiteElo "2145"]
[BlackElo "2139"]
[Result "0-1"]
[Round "03"]
[TimeControl "180+2"]
[Date "2023.05.23"]
[WhiteClock "0:00:09"]
[BlackClock "0:00:04"]

1. e4 c6 2. b3 d5 3. exd5 cxd5 4. Bb2 Nc6 5. Nf3 Nf6 6. Bb5 Bg4 7. O-O e6 8. d3 Bd6 9. Nbd2 O-O 10. h3 Bh5 11. Bxc6 bxc6 12. Re1 Nd7 13. g4 Bg6 14. d4 a5 15. Ne5 Nxe5 16. dxe5 Bc5 17. a4 Qh4 18. Qf3 h5 19. Nf1 Rab8 20. Ng3 Qxh3 21. gxh5 Bxh5 22. Qg2 Qh4 23. Nxh5 Qxh5 24. Rad1 Rb4 25. Rd3 Rg4 26. Rg3 Rxg3 27. Qxg3 Rb8 28. Bc3 Bb6 29. Kg2 Qf5 30. Rh1 Qe4+ 31. Kg1 Qxc2 32. Qh3 Qb1+ 33. Kg2 Qe4+ 34. Kg3 Qg6+ 35. Kf3 Qe4+ 36. Kg3 Qd3+ 37. f3 Qg6+ 38. Kf4 Qh6+ 39. Qxh6 gxh6 40. Rxh6 Kg7 41. Rh3 c5 42. Kg5 Rg8 43. Kf4 Kf8 44. Rg3 Rxg3 45. Kxg3 Ke7 46. Kf4 Kf8 47. Kg5 Kg7 48. Bb2 Bd8+ 49. Kg4 Kg6 50. Bc3 Bb6 51. f4 Bc7 52. Bb2 Bb6 53. Bc3 d4 54. Bd2 Bd8 55. Be1 f5+ 56. Kf3 Kh5 57. Bd2 Kh4 58. Ke2 Kg3 59. Kd3 Kf3 60. Kc4 Ke4 61. Kxc5 Kd3 62. Be1 Ke3 63. Kc4 d3 64. Kc3 Bb6 65. Bd2+ Ke2 66. Bc1 Bc5 67. Kc4 Bb4 68. Kb5 d2 69. Bxd2 Bxd2 70. Kc6 Bxf4 71. Kd7 Bxe5 72. Kxe6 Bc3 73. Kxf5 Kd3 74. Ke6 Kc2 75. Kd5 Kxb3 76. Kc6 Kxa4 0-1


[Site "https://www.chess.com"]

[Event "Titled Tuesday Blitz May 23 Early 2023"]
[White "Coelho, Ramyres Santana"]
[Black "Bogaudinov, Rushan"]
[WhiteFideId "2120690"]
[BlackFideId "4129288"]
[WhiteElo "1888"]
[BlackElo "1941"]
[Result "0-1"]
[Round "03"]
[TimeControl "180+2"]
[Date "2023.05.23"]
[WhiteClock "0:00:06"]
[BlackClock "0:01:17"]

1. e4 c5 2. Nf3 e6 3. d4 cxd4 4. c3 a6 5. cxd4 d5 6. e5 Nc6 7. Nc3 b5 8. Bg5 Qb6 9. Bd3 Bd7 10. Be3 Nge7 11. O-O Na5 12. Rc1 Rc8 13. Qe2 Nc4 14. b3 Nxe3 15. fxe3 b4 16. Na4 Bxa4 17. Rxc8+ Nxc8 18. bxa4 Be7 19. Bxa6 O-O 20. Rc1 Na7 21. Bb5 g6 22. Ne1 Rb8 23. h3 Nxb5 24. axb5 Qxb5 25. Rc8+ Kg7 26. Qxb5 Rxb5 27. Rc7 Bg5 28. Kf2 Ra5 29. Rc2 Ra3 30. Re2 b3 31. axb3 Rxb3 32. Nf3 Be7 33. Nd2 Rd3 34. Nf3 h5 35. Rd2 Rb3 36. Rc2 Ba3 37. g4 Rb1 38. Rc7 Rb2+ 39. Kg3 Rb3 40. Kf2 Bc1 41. e4 Be3+ 42. Ke2 dxe4 43. Ne1 Bxd4 44. Nc2 Rb2 45. Kd1 Bxe5 46. gxh5 Bxc7 0-1


[Site "https://www.chess.com"]

[Event "Titled Tuesday Blitz May 23 Early 2023"]
[White "Peiris, T G M"]
[Black "DIM90"]
[WhiteFideId "9901310"]
[WhiteElo "2022"]
[BlackElo "2228"]
[Result "0-1"]
[Round "03"]
[TimeControl "180+2"]
[Date "2023.05.23"]
[WhiteClock "0:00:00"]
[BlackClock "0:01:19"]

1. e4 e5 2. Nf3 Nf6 3. d4 Nxe4 4. Bd3 d5 5. Nxe5 Nd7 6. O-O Nxe5 7. dxe5 Nc5 8. Nc3 c6 9. Bf4 g6 10. Re1 Bg7 11. b4 Nxd3 12. Qxd3 Bf5 13. Qd2 O-O 14. b5 d4 15. Ne2 c5 16. Ng3 Be6 17. Bg5 Qd5 18. Bf6 Rfe8 19. Nh5 Bf8 20. Qg5 Bf5 21. g4 Bxc2 22. Nf4 Qf3 0-1


[Site "https://www.chess.com"]

[Event "Titled Tuesday Blitz May 23 Early 2023"]
[White "Aanna12"]
[Black "Fernandez Siles, Luis"]
[BlackFideId "2209420"]
[WhiteElo "2218"]
[BlackElo "2195"]
[Result "0-1"]
[Round "03"]
[TimeControl "180+2"]
[Date "2023.05.23"]
[WhiteClock "0:00:00"]
[BlackClock "0:00:09"]

1. e4 c5 2. Nc3 Nc6 3. Bb5 Nd4 4. Nf3 g6 5. Nxd4 cxd4 6. Ne2 Bg7 7. c3 dxc3 8. dxc3 Nf6 9. e5 Ng4 10. O-O Nxe5 11. a4 O-O 12. f4 Nc6 13. f5 d5 14. Bd3 e5 15. fxe6 fxe6 16. Rxf8+ Bxf8 17. Be3 e5 18. Qb3 Na5 19. Qb5 a6 20. Qb6 Qxb6 21. Bxb6 Nc6 22. Rf1 Be6 23. b4 Be7 24. Bc2 Bd8 25. Bc5 b6 26. Bd6 Rc8 27. b5 axb5 28. axb5 Nd4 29. cxd4 Rxc2 30. Rf8+ Kg7 31. Rxd8 Rxe2 32. Bxe5+ Kh6 33. Rd6 Bf5 34. Rxb6 Be4 35. Bf4+ Kh5 36. Be5 Rxg2+ 37. Kf1 Rb2 38. Rb7 Rxb5 39. Rxb5 Bd3+ 40. Kf2 Bxb5 41. Kg3 Bd3 42. h4 Be4 43. Bf6 Kh6 44. Kf4 Kh5 45. Kg3 h6 46. Bg7 g5 47. hxg5 Kxg5 48. Be5 h5 0-1


[Site "https://www.chess.com"]

[Event "Titled Tuesday Blitz May 23 Early 2023"]
[White "NLLO777"]
[Black "rionelG"]
[WhiteElo "2387"]
[BlackElo "2200"]
[Result "0-1"]
[Round "03"]
[TimeControl "180+2"]
[Date "2023.05.23"]
[WhiteClock "0:02:00"]
[BlackClock "0:00:24"]

1. e4 c5 2. Nf3 d6 3. d4 cxd4 4. Nxd4 Nf6 5. Nc3 a6 6. Bc4 e6 7. Bb3 Nbd7 8. O-O Nc5 9. f4 Nfxe4 10. Nxe4 Nxe4 11. Kh1 d5 12. f5 Qh4 13. fxe6 Ng3+ 14. Kg1 Nxf1 15. exf7+ Kd8 16. Nf3 Bc5+ 17. Kxf1 Qf2# 0-1


[Site "https://www.chess.com"]

[Event "Titled Tuesday Blitz May 23 Early 2023"]
[White "Makhmudov, Shukhrat"]
[Black "Nugumanov, Bakhtiyar"]
[WhiteFideId "14200775"]
[BlackFideId "13701797"]
[WhiteElo "2135"]
[BlackElo "2209"]
[Result "1-0"]
[Round "03"]
[TimeControl "180+2"]
[Date "2023.05.23"]
[WhiteClock "0:02:53"]
[BlackClock "0:02:19"]

1. e4 e6 2. Nf3 d5 3. e5 c5 4. b4 Bd7 5. bxc5 Bxc5 6. d4 Bb6 7. c3 Ne7 8. Bd3 O-O 9. Bxh7+ Kxh7 10. Ng5+ Kg6 11. h4 1-0


[Site "https://www.chess.com"]

[Event "Titled Tuesday Blitz May 23 Early 2023"]
[White "Guevara Sanchez, Erick Marvin"]
[Black "Martinez, Shawn"]
[WhiteFideId "6700136"]
[BlackFideId "2039770"]
[WhiteElo "2040"]
[BlackElo "2174"]
[Result "1-0"]
[Round "03"]
[TimeControl "180+2"]
[Date "2023.05.23"]
[WhiteClock "0:00:53"]
[BlackClock "0:00:11"]

1. e4 c5 2. Nf3 e6 3. d4 cxd4 4. Nxd4 a6 5. Bd3 Qc7 6. O-O Nf6 7. Qe2 d6 8. c4 Be7 9. Nc3 Nc6 10. Be3 Bd7 11. f4 O-O 12. Kh1 Nxd4 13. Bxd4 e5 14. Be3 exf4 15. Bxf4 Rfe8 16. h3 Be6 17. Nd5 Bxd5 18. exd5 Nd7 19. Qh5 g6 20. Qf3 Bf8 21. Rae1 Bg7 22. b3 Ne5 23. Bxe5 Bxe5 24. b4 Re7 25. c5 dxc5 26. bxc5 Rae8 27. d6 Bxd6 28. cxd6 Qxd6 29. Rxe7 Rxe7 30. Bc4 Qc7 31. Bb3 b5 32. Qf6 a5 33. Rd1 a4 34. Bxf7+ Kf8 35. Bxg6+ Kg8 36. Bf7+ Kf8 37. Be6+ Ke8 38. Qh8# 1-0


[Site "https://www.chess.com"]

[Event "Titled Tuesday Blitz May 23 Early 2023"]
[White "LeoLV10"]
[Black "Arcos Facio, Mateo"]
[BlackFideId "3001199"]
[WhiteElo "2376"]
[BlackElo "2156"]
[Result "1-0"]
[Round "03"]
[TimeControl "180+2"]
[Date "2023.05.23"]
[WhiteClock "0:01:56"]
[BlackClock "0:00:00"]

1. e4 e5 2. Nf3 Nc6 3. Bb5 f5 4. d3 fxe4 5. dxe4 Nf6 6. Nc3 Bc5 7. O-O d6 8. Bg5 Bg4 9. Nd5 a6 10. Be2 h6 11. Bxf6 gxf6 12. Nh4 Be6 13. Bh5+ Kd7 14. Bg4 h5 15. Bxe6+ Kxe6 16. Qf3 Nd4 17. Qh3+ Kf7 18. Nf5 c6 19. Nde3 Ne2+ 20. Kh1 Nf4 21. Qf3 Qg8 22. g3 Ne6 23. Nc4 Rd8 24. Rad1 Nd4 25. Nxd4 Bxd4 26. Qb3 Kg6 27. f4 h4 28. f5+ Kg7 29. Qxb7+ Qf7 30. Qxf7+ Kxf7 31. g4 h3 32. c3 Bc5 33. b4 Ba7 34. Nxd6+ Ke7 35. Nc4 Rdg8 36. Na5 Rxg4 37. Nxc6+ Kf7 38. Nxa7 Rhg8 39. Rg1 1-0


[Site "https://www.chess.com"]

[Event "Titled Tuesday Blitz May 23 Early 2023"]
[White "Cardozo Munar, Carlos Eduardo"]
[Black "Fernandez Garcia, Gumersindo"]
[WhiteFideId "4409477"]
[BlackFideId "24516740"]
[WhiteElo "2067"]
[BlackElo "2093"]
[Result "1-0"]
[Round "03"]
[TimeControl "180+2"]
[Date "2023.05.23"]
[WhiteClock "0:00:03"]
[BlackClock "0:00:02"]

1. e4 c5 2. Nf3 g6 3. Bc4 Bg7 4. O-O Nc6 5. Re1 e6 6. c3 Nge7 7. d4 cxd4 8. cxd4 d5 9. exd5 Nxd5 10. Nc3 O-O 11. Bg5 Qd6 12. Bxd5 exd5 13. Nb5 Qb4 14. Nc7 Rb8 15. Nxd5 Qxb2 16. Bf4 Ra8 17. Nc7 Rb8 18. Rb1 Qxa2 19. d5 Na5 20. Bd6 Bf5 21. Bxf8 Rxf8 22. Rb5 b6 23. d6 Rd8 24. Rxf5 gxf5 25. d7 Nb7 26. Re8+ Bf8 27. Ne5 Qa5 28. h3 Qc5 29. Qh5 Qc1+ 30. Kh2 Qxc7 31. Qxf7+ Kh8 32. Rxf8+ 1-0


[Site "https://www.chess.com"]

[Event "Titled Tuesday Blitz May 23 Early 2023"]
[White "Kabilov, Amin"]
[Black "Tarnowska, Aleksandra"]
[WhiteFideId "14700859"]
[BlackFideId "1180967"]
[WhiteElo "2110"]
[BlackElo "1776"]
[Result "1-0"]
[Round "03"]
[TimeControl "180+2"]
[Date "2023.05.23"]
[WhiteClock "0:00:15"]
[BlackClock "0:00:00"]

1. Nf3 Nf6 2. d4 d5 3. c4 e6 4. Nc3 Be7 5. Bg5 O-O 6. e3 h6 7. Bh4 b6 8. cxd5 exd5 9. Qc2 Bb7 10. Bd3 Nbd7 11. O-O Rc8 12. Bf5 Ne4 13. Bxe7 Qxe7 14. Ne5 Nxe5 15. Bxc8 Rxc8 16. dxe5 Qxe5 17. Rad1 Nxc3 18. Qxc3 Qg5 19. f3 c5 20. Qd2 Qe5 21. Rfe1 Re8 22. b4 Re6 23. bxc5 bxc5 24. Rb1 Bc6 25. Qb2 Qg5 26. Qb8+ Kh7 27. Qxa7 d4 28. Qxf7 Rxe3 29. Rf1 Re2 30. Rf2 Qe3 31. Qf5+ g6 32. Qf7+ Kh8 33. Rb8+ Be8 34. Qf6+ Kh7 35. Rb7+ 1-0


[Site "https://www.chess.com"]

[Event "Titled Tuesday Blitz May 23 Early 2023"]
[White "Travadon, Loic"]
[Black "ritanovikova"]
[WhiteFideId "26092131"]
[WhiteElo "2405"]
[BlackElo "2164"]
[Result "0-1"]
[Round "03"]
[TimeControl "180+2"]
[Date "2023.05.23"]
[WhiteClock "0:01:35"]
[BlackClock "0:00:47"]

1. d4 e5 2. dxe5 Nc6 3. Nf3 Qe7 4. Nc3 Nxe5 5. Bf4 Nxf3+ 6. gxf3 Qb4 7. Bc1 Nf6 8. e4 Bc5 9. a3 Qb6 10. Qe2 Bd4 11. Rg1 g6 12. Bh3 d6 13. Bxc8 Rxc8 14. Qb5+ Qxb5 15. Nxb5 Bb6 16. Be3 Bxe3 17. fxe3 a6 18. Nc3 O-O 19. O-O-O b5 20. Nd5 Nxd5 21. exd5 Rce8 22. e4 f5 23. Rd4 fxe4 24. fxe4 Rf4 25. Re1 Rf2 26. a4 Rxh2 27. axb5 axb5 28. Rb4 Rh4 29. Rxb5 Rhxe4 30. Rxe4 Rxe4 31. Rb7 Re7 32. b4 h5 33. b5 Kf7 34. c4 h4 35. c5 h3 36. Rb8 Kg7 37. cxd6 cxd6 0-1


[Site "https://www.chess.com"]

[Event "Titled Tuesday Blitz May 23 Early 2023"]
[White "Topalov, Aleksandar"]
[Black "Larina, Maria"]
[WhiteFideId "925659"]
[BlackFideId "24113182"]
[WhiteElo "2151"]
[BlackElo "1848"]
[Result "1/2-1/2"]
[Round "03"]
[TimeControl "180+2"]
[Date "2023.05.23"]
[WhiteClock "0:00:08"]
[BlackClock "0:00:06"]

1. b3 e5 2. Bb2 d6 3. d4 exd4 4. Qxd4 Nc6 5. Qf4 Qd7 6. Nc3 Nf6 7. O-O-O Be7 8. e4 Qg4 9. Qe3 a6 10. f3 Qg6 11. Kb1 O-O 12. Nd5 Bd8 13. Nf4 Qh6 14. h4 Nh5 15. Nge2 Nxf4 16. Nxf4 Bg5 17. hxg5 Qxh1 18. Be2 Qh2 19. g4 Ne5 20. Nh5 Be6 21. Nxg7 Kxg7 22. f4 Bd7 23. fxe5 dxe5 24. Qc3 Bc6 25. Bd3 Rfe8 26. Rf1 Rad8 27. a3 Rd7 28. Rf5 Qg3 29. Ka2 Kg6 30. Qd2 Qxg4 31. Rf6+ Kg7 32. Qf2 Re6 33. Rf5 Rg6 34. Rxe5 Kf8 35. Rf5 Re7 36. e5 Rge6 37. Rf6 Qh5 38. g6 hxg6 39. Rf4 Qg5 40. Rf3 Rxe5 41. Rg3 Qh5 42. Rf3 Qg5 43. Bxe5 Rxe5 44. Rxf7+ Ke8 45. Rf8+ Kd7 46. Qf7+ Re7 47. Qf6 Qxf6 48. Rxf6 g5 49. Rg6 Re5 50. Kb2 Be4 51. Bxe4 Rxe4 52. Rxg5 Re7 53. Rg6 c6 54. Rg5 Kc7 55. b4 Rd7 56. a4 b6 57. Kb3 Kb7 58. c3 Re7 59. Rg6 Kc7 60. b5 axb5 61. axb5 cxb5 62. Kb4 Re5 63. Rg7+ Kc6 64. Rg6+ Kc7 65. Rg7+ Kc6 66. Rg6+ Kc7 1/2-1/2


[Site "https://www.chess.com"]

[Event "Titled Tuesday Blitz May 23 Early 2023"]
[White "Ciuffoletti, Paolo"]
[Black "Herzog2012"]
[WhiteFideId "807630"]
[WhiteElo "2143"]
[BlackElo "2356"]
[Result "1-0"]
[Round "03"]
[TimeControl "180+2"]
[Date "2023.05.23"]
[WhiteClock "0:00:13"]
[BlackClock "0:00:13"]

1. e4 c5 2. d4 cxd4 3. c3 Nf6 4. e5 Nd5 5. Qxd4 e6 6. Bc4 Nc6 7. Qe4 f5 8. Qe2 Nb6 9. Bb3 g6 10. Nf3 Bg7 11. Na3 a6 12. O-O O-O 13. Be3 Nd5 14. Bc5 Re8 15. Bxd5 exd5 16. Rad1 Nxe5 17. Nxe5 Rxe5 18. Qf3 d6 19. Rxd5 Be6 20. Rxd6 Qc7 21. b4 Bd7 22. Rfd1 Bc6 23. Qf4 Rae8 24. f3 Re1+ 25. Rxe1 Rxe1+ 26. Kf2 Be5 27. Qg5 Bxd6 28. Bxd6 Qxd6 29. Kxe1 Qd3 30. Qd2 Qxd2+ 31. Kxd2 Kf7 32. Kd3 Ke6 33. Nc4 Bb5 34. Kd4 f4 35. Na5 Bf1 36. Nxb7 Bxg2 37. Ke4 g5 38. Nc5+ Kf6 39. Nxa6 h5 40. b5 g4 41. Kxf4 Bxf3 42. b6 Be2 43. Nc5 Bf3 44. b7 Bxb7 45. Nxb7 Ke6 46. a4 Kd5 47. a5 Kc6 48. a6 Kb6 49. Nd6 Kxa6 50. Ne4 Kb5 51. Nf6 Kc4 52. Nxh5 g3 53. hxg3 Kxc3 54. g4 Kd4 55. g5 Kd5 56. Kf5 Kd6 57. Kf6 Kd7 58. Kf7 Kd6 59. g6 Ke5 60. g7 Kf5 61. g8=Q Ke4 62. Ke6 Ke3 63. Qg4 Kd3 64. Ke5 Ke3 65. Qh3+ Ke2 66. Ke4 Kf2 67. Qf3+ Ke1 68. Qg2 Kd1 69. Kd3 Kc1 70. Qc2# 1-0


[Site "https://www.chess.com"]

[Event "Titled Tuesday Blitz May 23 Early 2023"]
[White "Hinds, Nathan"]
[Black "Von Buelow, Georg"]
[WhiteFideId "7400730"]
[BlackFideId "4620658"]
[WhiteElo "2001"]
[BlackElo "2137"]
[Result "0-1"]
[Round "03"]
[TimeControl "180+2"]
[Date "2023.05.23"]
[WhiteClock "0:00:02"]
[BlackClock "0:00:14"]

1. Nf3 Nf6 2. c4 c5 3. Nc3 Nc6 4. g3 d5 5. cxd5 Nxd5 6. Bg2 Nc7 7. O-O e5 8. d3 Be7 9. Be3 O-O 10. Rc1 Rb8 11. Nd2 Bd7 12. a4 b6 13. Nc4 f6 14. Nd5 Nxd5 15. Bxd5+ Kh8 16. Bg2 Nd4 17. Bd2 Bg4 18. f3 Be6 19. e3 Nf5 20. Qe2 Qd7 21. Rfd1 Qxa4 22. Be1 Qd7 23. g4 Nd6 24. b3 Nb5 25. h3 Rbd8 26. Bg3 Rfe8 27. Kh2 Bf8 28. Qb2 Bf7 29. h4 Bg6 30. Bf1 Qb7 31. Be2 Bf7 32. h5 h6 33. Ra1 a5 34. Nd2 Nc7 35. Ne4 Nd5 36. Bf2 Bg8 37. Ng3 Bh7 38. e4 Nf4 39. Bf1 Rd7 40. Be3 Ne6 41. Rac1 Red8 42. Qc3 Bg8 43. Ne2 Nd4 44. Bxd4 exd4 45. Qd2 Bd6+ 46. f4 Re7 47. Kg2 Be6 48. Kh3 Bxb3 49. Bg2 Qd7 50. Ng3 Bxd1 51. Rxd1 Ree8 52. Nf5 Qc7 53. Kg3 Bf8 54. Rf1 a4 55. Qa2 Ra8 56. Kh4 Ra7 57. g5 fxg5+ 58. fxg5 Qd8 59. Qd2 a3 60. Kg4 Qxg5+ 61. Qxg5 hxg5 62. Kxg5 a2 63. Ra1 Re6 64. Bh3 Be7+ 65. Kf4 Bd6+ 66. Kg5 Be5 67. Nh4 Bf6+ 68. Kg4 Re8 69. Ng6+ Kh7 70. Bg2 Kh6 71. Bf3 Rb8 72. Kf5 b5 73. e5 Bg5 74. Be4 Rf7+ 75. Ke6 Rf2 76. Bf5 Rb2 77. Kd5 b4 78. e6 b3 79. e7 Bxe7 80. Re1 Rb1 81. Re6 Bf6 82. Bg4 a1=Q 83. Bf3 Rf1 84. Nf8 Rxf3 85. Nd7 Rf5+ 86. Kd6 Qa6+ 0-1


[Site "https://www.chess.com"]

[Event "Titled Tuesday Blitz May 23 Early 2023"]
[White "Marcziter, Dmitrii"]
[Black "dDobravcan"]
[WhiteFideId "13900765"]
[WhiteElo "2162"]
[BlackElo "2128"]
[Result "1-0"]
[Round "03"]
[TimeControl "180+2"]
[Date "2023.05.23"]
[WhiteClock "0:02:08"]
[BlackClock "0:00:48"]

1. d4 d6 2. e4 c6 3. a4 Nf6 4. Nc3 a5 5. Nf3 Bg4 6. h3 Bh5 7. g4 Bg6 8. Nh4 Nxe4 9. Nxg6 Nxc3 10. bxc3 hxg6 11. Bg2 Nd7 12. Bg5 Qc7 13. Rb1 Nb6 14. Ra1 e5 15. O-O f6 16. Bc1 Be7 17. Qd3 Kf7 18. Be4 Rxh3 19. Bxg6+ Kg8 20. Qxh3 1-0


[Site "https://www.chess.com"]

[Event "Titled Tuesday Blitz May 23 Early 2023"]
[White "Cramling Bellon, Anna"]
[Black "Prieto Aranguren, Alain"]
[WhiteFideId "32009232"]
[BlackFideId "2268906"]
[WhiteElo "1976"]
[BlackElo "2209"]
[Result "0-1"]
[Round "03"]
[TimeControl "180+2"]
[Date "2023.05.23"]
[WhiteClock "0:00:05"]
[BlackClock "0:00:27"]

1. d4 d5 2. c4 e6 3. Nc3 Nf6 4. cxd5 exd5 5. Bg5 Be7 6. e3 O-O 7. Bd3 h6 8. Bh4 c6 9. Qc2 Re8 10. Nf3 Ne4 11. Bg3 Nxg3 12. hxg3 Nd7 13. O-O Nf6 14. Rab1 a5 15. a3 Bd6 16. b4 axb4 17. axb4 b5 18. Ne2 Bd7 19. Rfd1 Ra4 20. Qc3 Qe7 21. Ne5 Bxe5 22. dxe5 Qxe5 23. Qxe5 Rxe5 24. Nd4 Ne4 25. Bxe4 Rxe4 26. Rdc1 Kh7 27. Kf1 h5 28. Ke2 Ra2+ 29. Kd3 Rxf2 30. Nxc6 Bxc6 31. Rxc6 Rxg2 32. Rh1 g6 33. Rc7 Kg7 34. Rf1 Rxg3 35. Rfxf7+ Kh6 36. Rh7+ Kg5 37. Rc5 Rgxe3+ 38. Kd2 Re2+ 39. Kd1 Re5 40. Rd7 R2e4 41. Rxb5 h4 42. Rdxd5 Rxd5+ 43. Rxd5+ Kf4 44. b5 Rb4 45. Kd2 g5 46. Kc3 Rb1 47. Kc4 h3 48. Rd8 h2 49. Rh8 h1=Q 50. Rxh1 Rxh1 51. b6 Rb1 52. b7 0-1


[Site "https://www.chess.com"]

[Event "Titled Tuesday Blitz May 23 Early 2023"]
[White "Klepikov, Nikita"]
[Black "Winkels, Marcel"]
[WhiteFideId "24145220"]
[BlackFideId "1003887"]
[WhiteElo "2025"]
[BlackElo "1900"]
[Result "1-0"]
[Round "03"]
[TimeControl "180+2"]
[Date "2023.05.23"]
[WhiteClock "0:01:11"]
[BlackClock "0:00:48"]

1. e4 Nf6 2. e5 Nd5 3. d4 d6 4. c4 Nb6 5. exd6 cxd6 6. Nc3 g6 7. Be3 Bg7 8. Rc1 O-O 9. b3 Nc6 10. d5 Ne5 11. Be2 f5 12. Nh3 h6 13. Qd2 g5 14. f4 g4 15. fxe5 gxh3 16. e6 Kh7 17. gxh3 a5 18. Rg1 Rg8 19. Bh5 Qf8 20. Bg6+ Kh8 21. Bf7 a4 22. Bxb6 1-0


[Site "https://www.chess.com"]